 Dungeon Crawl Stone Soup version 0.28-a0-932-g843f935a50 (webtiles) character file.

Game seed: 16282019309086993016

144 croobank the Poker (level 5, -4/33 HPs)
             Began as an Octopode Transmuter on Nov 28, 2021.
             Splashed by a jelly's acid (10 damage)
             ... on level 3 of the Dungeon.
             The game lasted 00:12:37 (3355 turns).

croobank the Poker (Octopode Transmuter)            Turns: 3355, Time: 00:12:41

Health: -4/33      AC: -11   Str: 10    XL:     5   Next: 27%
Magic:  7/8        EV: 13    Int: 15    God:
Gold:   105        SH:  0    Dex: 13    Spells: 0/8 levels left

rFire   . . .      SeeInvis .   a - +0 spear
rCold   + . .      Faith    .   (no shield)
rNeg    . . .      Spirit   .   (helmet currently unavailable)
rPois   .          Reflect  .   (no amulet)
rElec   .          Harm     .   i - ring of protection from cold
rCorr   .          Rampage  .   (no ring)
Will    .....                   (no ring)
Stlth   +++.......              (no ring)
HPRegen 0.11/turn               (no ring)
MPRegen 0.11/turn               (no ring)
                                (no ring)
                                (no ring)

@: appendages, corroded
A: tentacle spike 3, almost no armour, amphibious, 8 rings, camouflage 1,
gelatinous body 1, (nimble swimmer 1), tentacles
a: End Transformation


You were on level 3 of the Dungeon.
One of your tentacles had grown a beastly spike.
You visited 1 branch of the dungeon, and saw 3 of its levels.

You collected 127 gold pieces.
You spent 22 gold pieces at shops.

Inventory:

Hand Weapons
 a - a +0 spear (weapon)
 b - a +0 hunting sling
 c - a +0 short sword
 f - a +0 dagger
 h - a +0 hand axe
Missiles
 g - 149 stones
 m - 18 bolts
 p - 12 sling bullets
 r - 27 arrows
Jewellery
 i - a ring of protection from cold (left tentacle)
Scrolls
 l - a scroll of blinking
 n - a scroll of summoning
 o - 4 scrolls of teleportation
 s - a scroll of magic mapping {unknown}
Potions
 d - 2 potions of degeneration
 e - a potion of ambrosia
 j - a potion of lignification
 k - a potion of haste
 q - 2 potions of curing


   Skills:
 - Level 1.0 Fighting
 - Level 2.0 Short Blades
 + Level 3.6 Polearms
 - Level 2.0 Dodging
 - Level 0.8 Stealth
 - Level 3.0 Unarmed Combat
 - Level 2.2 Spellcasting
 + Level 2.2 Transmutations


You couldn't memorise any spells.
You knew the following spells:

 Your Spells              Type           Power      Damage    Failure   Level
a - Beastly Appendage     Tmut           16%        N/A       9%          1
b - Wereblood             Tmut           8%         N/A       13%         2
c - Spider Form           Tmut/Pois      5%         N/A       38%         3
d - Ensorcelled Hibernat  Hex/Ice        2%         N/A       32%         2

Your spell library contained the following spells:

 Spells                   Type           Power      Damage    Failure   Level
 Ice Form                 Ice/Tmut       5%         N/A       80%         4


Dungeon Overview and Level Annotations

Branches:
Dungeon (3/15)

Altars:
Cheibriados
Sif Muna

Shops:
D:1 *


Innate Abilities, Weirdness & Mutations

One of your tentacles has grown a beastly spike.
You cannot wear most types of armour.
You are amphibious.
You can wear up to eight rings at the same time.
Your skin changes colour to match your surroundings (Stealth+).
Your rubbery body absorbs attacks. (AC +1, EV +1)
((You are camouflaged near water. (Stealth+)))
You have tentacles for arms and can constrict up to eight enemies at once.


Message History

The jelly quivers.
b - a +0 hunting sling (weapon)
Fire: 152 stones
Press: ? - help, Q - select action, (/) - cycle Shift-Dir - straight line, f - jelly
Aim: a jelly (89% to hit)
You shoot a stone.
The stone hits the jelly but does no damage.
Fire: 151 stones
Press: ? - help, Q - select action, (/) - cycle Shift-Dir - straight line, f/p - jelly
Aim: a jelly (89% to hit)
You shoot a stone. The stone hits the jelly.
The jelly is lightly wounded.
Fire: 150 stones
Press: ? - help, Q - select action, (/) - cycle Shift-Dir - straight line, f/p - jelly
Aim: a jelly (lightly wounded, 89% to hit)
You shoot a stone.
The stone hits the jelly but does no damage.
The jelly is lightly wounded.
Casting: Beastly Appendage (safe; 9% risk of failure)
Confirm with . or Enter, or press ? or * to list all spells.
One of your tentacles grows a vicious spike.
Okay, then.
a - a +0 spear (weapon)
You hit the jelly. The acid corrodes you!
Your tentacles burn!
The jelly is moderately wounded.
The jelly misses you.
You hit the jelly but do no damage. The acid corrodes you!
Your tentacles burn!
The jelly is moderately wounded.
The jelly hits you. The acid corrodes you!
You are splashed with acid!
You hit the jelly.
Your tentacles burn!
The jelly is moderately wounded.
The jelly hits you.
You are splashed with acid!
You hit the jelly.
Your tentacles burn!
* * * LOW HITPOINT WARNING * * *
You pierce the jelly, but do no damage.
The jelly is moderately wounded.
The jelly hits you.
* * * LOW HITPOINT WARNING * * *
The acid corrodes you!
You are splashed with acid!
You die...

#########
#.....@.#
#.#####J#
#.# .# ##
######.###
(# .##
#........#
(# ..##
#.####.#.#
(#
†..###.#
#.#.# .#
.......#
#.# # .#
.#######
...


You could see a jelly.

Vanquished Creatures
  An iron imp (D:3)
  Jessica (D:3)
  4 adders (D:2)
  A dart slug (D:1)
  9 ball pythons
  6 endoplasms
  A giant cockroach (D:2)
  3 goblins
  5 hobgoblins
  2 jackals (D:2)
  6 kobolds
  A quokka (D:1)
  6 bats
  4 frilled lizards
  5 rats
55 creatures vanquished.

Notes
Turn   | Place    | Note
-------+----------+-------------------------------------------
     0 | D:1      | croobank the Octopode Transmuter began the quest for the
                  | Orb.
     0 | D:1      | Reached XP level 1. HP: 13/13 MP: 3/3
   241 | D:1      | Reached XP level 2. HP: 18/18 MP: 3/5
   371 | D:1      | Reached skill level 1 in Short Blades
   573 | D:1      | Found Waem's General Store.
   582 | D:1      | Bought a scroll of identify for 22 gold pieces
   969 | D:2      | Reached XP level 3. HP: 21/23 MP: 4/6
  1169 | D:2      | Reached skill level 1 in Polearms
  1611 | D:2      | Reached XP level 4. HP: 24/28 MP: 5/7
  1800 | D:2      | Learned a level 2 spell: Wereblood
  2263 | D:3      | Found a shimmering blue altar of Sif Muna.
  2404 | D:3      | Noticed Jessica
  2410 | D:3      | Killed Jessica
  2744 | D:3      | Reached XP level 5. HP: 29/33 MP: 6/8
  2791 | D:3      | Learned a level 3 spell: Spider Form
  2857 | D:3      | Learned a level 2 spell: Ensorcelled Hibernation
  2859 | D:3      | Found a snail-covered altar of Cheibriados.
  3355 | D:3      | Splashed by a jelly's acid

Illustrated notes

Levels and vault maps discovered:
D:1:      dpeg_arrival_tiny_a, layout_loops_ring, serial_shops,
          nicolae_lakefront_shop, ebering_ecumenical_altar_ruins,
          minmay_tetromino_s2
D:2:      layout_basic, minmay_quadrilaterals
D:3:      layout_loops_corners, mainiacjoe_overflow_paths, chei_slow_surprise,
          uniq_jessica

Skill      XL: |  1  2  3  4 |
---------------+-------------+-----
Short Blades   | 2 |  2.0
Polearms       | 2 3 |  3.6
Fighting       | |  1.0
Dodging        | |  2.0
Stealth        | |  0.8
Unarmed Combat | |  3.0
Spellcasting   | |  2.2
Transmutations | |  2.2

Action                   |  1- 3 |  4- 6 || total
-------------------------+-------+-------++-------
Melee: Dagger            |     4 |       ||     4
       Short sword       |    25 |       ||    25
       Constrict         |    17 |    14 ||    31
       Unarmed           |     2 |       ||     2
       Kick              |     7 |    15 ||    22
       Tentacles         |     9 |     8 ||    17
       Punch             |     2 |     2 ||     4
       Spear             |    31 |    59 ||    90
 Fire: Hunting sling     |       |     3 ||     3
 Cast: Beastly Appendage |    19 |    20 ||    39
       Wereblood         |       |     2 ||     2
  Use: Scroll            |     4 |     5 ||     9
 Stab: Sleeping          |     6 |     4 ||    10
Armor: Skin              |     2 |     4 ||     6
Dodge: Dodged            |    44 |    28 ||    72

Table legend: (Time is in decaauts)
 A = Elapsed time spent in this place.
 B = Non-inter-level travel time spent in this place.
 C = Inter-level travel time spent in this place.
 D = Time resting spent in this place.
 E = Time spent auto-exploring this place.
 F = Levels seen in this place.
 G = Mean time per level.
                   A        B        C        D        E       F      G
               +--------+--------+--------+--------+--------+-----+--------+
         Total |   3352 |   3294 |     58 |    298 |   2387 |   3 | 1117.3 |
       Dungeon |   3352 |   3294 |     58 |    298 |   2387 |   3 | 1117.3 |
               +--------+--------+--------+--------+--------+-----+--------+

Top non-repeatable levels by time:
     D:2: 1292 daAuts
     D:3: 1125 daAuts
     D:1: 934 daAuts
